AoeStats
← L03STER

Amazon Tunnel

503078490Analyzed
4v4 RM · 1mo ago on Aug 30, 2026· 19m 13s· 8 players
Game mode
Random Map
Map size
Normal (6 player)
Population
200
Speed
Normal
Resources
Standard
Victory
Standard
Starting age
Dark Age
Ending age
Dark Age
RankedLock teamsTeams togetherTeam positionsShared explorationLock speedFull tech treeHidden civsTurbo modeCheats
Victory
Defeat
🇨🇳 Mapuche · China
1466
+4
🇯🇵 Magyars · Japan
1311
+9
🇨🇿 Britons · Czechia
1108
+46
🇦🇷 Gurjaras · Argentina
1101
+18
🇨🇳 Bohemians · China
1462
-25
🇦🇺 Britons · Australia
1070
-25
🇨🇳 Portuguese · China
1043
-8
🇦🇺 Slavs · Australia
1007
-21
664697504
13:17 Feudal Age
JarJar
5:51 Loom
16:22 Feudal Age
L03STER
13:23 Feudal Age
14:39 Wheelbarrow
14:26 Double-Bit Axe
wlcj88
11:28 Feudal Age
12:59 Loom
16:34 Castle Age
15:06 Double-Bit Axe
bobo
10:25 Feudal Age
11:48 Loom
15:02 Castle Age
12:56 Double-Bit Axe
13:06 Stone Mining
13:00 Horse Collar
16:14 Bow Saw
林归于凤
11:27 Feudal Age
13:03 Wheelbarrow
12:16 Double-Bit Axe
12:14 Horse Collar
19:05 Castle Age
yake0213
10:15 Feudal Age
11:15 Double-Bit Axe
12:18 Bloodlines
12:47 Scale Barding Armor
13:11 Horse Collar
20:44 Castle Age
maxik.infiniti
13:07 Feudal Age
13:44 Horse Collar
13:52 Double-Bit Axe
14:01 Gold Mining
18:03 Arson
17:39 Man-at-Arms
Connection lost

Rejoining the realm…

Still unreachable

The connection could not be restored.

Session expired

The server has moved on; the page needs a fresh start.